 Dungeon Crawl Stone Soup version 0.22-a0-246-gdc04c06 (webtiles) character file.

513 Amnesiac the Charlatan (level 7, 0/38 HPs)
             Began as a Kobold Artificer on Feb 22, 2018.
             Succumbed to a scorpion's poison
             ... on level 4 of the Dungeon.
             The game lasted 00:09:30 (3825 turns).

Amnesiac the Charlatan (Kobold Artificer)           Turns: 3825, Time: 00:09:31

Health: 0/38       AC: 12    Str: 11 (12) XL:     7   Next: 43%
Magic:  10/10      EV: 10    Int: 14 (17) God:
Gold:   93         SH:  0    Dex: 17 (20) Spells: 6/6 levels left

rFire    . . .     SeeInvis .   n - +0 arbalest
rCold    . . .     Gourm    .   (shield currently unavailable)
rNeg     . . .     Faith    .   h - +0 plate armour (curse)
rPois    .         Spirit   .   (no helmet)
rElec    .         Reflect  .   (no cloak)
rCorr    .         Harm     .   (no gloves)
MR       .....                  i - +0 pair of boots
Stlth    ..........             (no amulet)
HPRegen  0.12/turn              (no ring)
MPRegen  0.12/turn              (no ring)

@: brilliant, agile, lethally poisoned (0 -> -3)
A: small, carnivore
a: no special abilities


You were on level 4 of the Dungeon.
You were very full.

You visited 1 branch of the dungeon, and saw 5 of its levels.

You collected 93 gold pieces.

Inventory:

Hand Weapons
 a - a +0 short sword
 n - a +0 arbalest (weapon)
Missiles
 o - 41 bolts (quivered)
Armour
 h - a cursed +0 plate armour (worn)
 i - a +0 pair of boots (worn)
Wands
 d - a wand of enslavement (1)
 j - a wand of acid (9)
 m - a wand of random effects (27)
Scrolls
 c - a scroll of identify {!r}
 g - 2 scrolls of remove curse {!r}
 k - a scroll of enchant weapon {!r, unknown}
Comestibles
 f - 5 rations


   Skills:
 - Level 1.1 Fighting
 - Level 4.4 Short Blades
 + Level 3.3 Armour
 - Level 3.9 Dodging
 - Level 4.4 Stealth
 - Level 5.0 Evocations


You had 6 spell levels left.
You didn't know any spells.

Dungeon Overview and Level Annotations

Branches:
Dungeon (5/15)
 Temple: D:4-7

Altars:


Innate Abilities, Weirdness & Mutations

You are small and have problems with some larger weapons.
You are carnivorous and can eat meat at any time.


Message History

The scorpion stings you but does no damage.
Firing (i - inventory)
o - 35 bolts (quivered)
Press: ? - help, Shift-Dir - straight line, f/p - scorpion
Aim: a scorpion (almost dead)
You shoot a bolt. The bolt closely misses the scorpion.
You feel sick. The scorpion stings you.
* * * LOW HITPOINT WARNING * * *
You are lethally poisoned!
The scorpion poisons you! The scorpion barely misses you.
Firing (i - inventory)
o - 34 bolts (quivered)
Press: ? - help, Shift-Dir - straight line, f/p - scorpion
Aim: a scorpion (almost dead)
You shoot a bolt. The bolt hits the scorpion!
You kill the scorpion!
Your Armour skill increases to level 3!
* * * LOW HITPOINT WARNING * * *
You feel very sick.
* * * LOW HITPOINT WARNING * * *
You feel sick.
Things that are here:
3 bolts; a scorpion corpse
* * * LOW HITPOINT WARNING * * *
You feel sick.
* * * LOW HITPOINT WARNING * * *
You feel sick.
* * * LOW HITPOINT WARNING * * *
You feel sick.
You see here 5 bolts.
Really quaff
l - a brown potion {!q}?
It was a potion of degeneration {!q}.
There was something very wrong with that liquid.
You feel weakened.
You feel dopey.
You feel clumsy.
* * * LOW HITPOINT WARNING * * *
You feel sick.
Really quaff
b - a dark potion {!q}?
It was a potion of brilliance {!q}.
You feel clever all of a sudden.
* * * LOW HITPOINT WARNING * * *
You feel sick.
Really quaff
e - a bubbling coppery potion {!q}?
It was a potion of agility {!q}.
You feel agile all of a sudden.
* * * LOW HITPOINT WARNING * * *
You feel sick.
o - 38 bolts (gained 5)
* * * LOW HITPOINT WARNING * * *
You feel sick.
* * * LOW HITPOINT WARNING * * *
You feel sick.
* * * LOW HITPOINT WARNING * * *
You feel sick.
Things that are here:
3 bolts; a scorpion corpse
o - 41 bolts (gained 3)
* * * LOW HITPOINT WARNING * * *
You feel sick.
* * * LOW HITPOINT WARNING * * *
You feel sick.
* * * LOW HITPOINT WARNING * * *
You feel sick.
* * * LOW HITPOINT WARNING * * *
You feel sick.
There is a stone staircase leading down here.
You die...

#.##.##.###..............##.#####.#.#
.###........##..@.....#.#.####### ##
#.###########..###.#.......... #.#
#..# #.###.######. ####.####### #..#
#.# #.# #. .....##....# #..###.###.#
#. #######.##.#####..).......# #.
#.##...†.........#### #.
#.########.####..# #. #.# #.# #..# #.


There were no monsters in sight!

Vanquished Creatures
  Menkaure (D:5)
  A scorpion (D:4)
  A centaur skeleton (D:5)
  An orc priest (D:4)
  2 hounds (D:4)
  5 worker ants
  5 adders
  A worm (D:4)
  2 leopard geckos (D:2)
  3 orcs (D:4)
  A bat (D:2)
  A giant cockroach (D:3)
  2 jackals (D:4)
  A quokka (D:5)
  2 ball pythons (D:3)
  2 frilled lizards
  2 kobolds (D:2)
33 creatures vanquished.

Vanquished Creatures (collateral kills)
  2 worker ants (D:4)
  A giant cockroach (D:4)
3 creatures vanquished.

Vanquished Creatures (others)
  A hound (D:4)
  An adder (D:4)
  2 orcs (D:4)
4 creatures vanquished.

Grand Total: 40 creatures vanquished

Notes
Turn   | Place    | Note
-------+----------+-------------------------------------------
     0 | D:1      | Amnesiac the Kobold Artificer began the quest for the Orb.
     0 | D:1      | Reached XP level 1. HP: 12/12 MP: 3/3
    85 | D:2      | Reached XP level 2. HP: 16/16 MP: 4/4
   364 | D:3      | Reached XP level 3. HP: 18/20 MP: 5/5
   526 | D:4      | Reached XP level 4. HP: 6/25 MP: 6/6
  1059 | D:4      | Reached XP level 5. HP: 25/29 MP: 7/7
  1920 | D:4      | Reached skill level 4 in Evocations
  1920 | D:4      | Reached XP level 6. HP: 23/34 MP: 7/9
  2137 | D:4      | Reached skill level 5 in Evocations
  2427 | D:5      | Entered Level 5 of the Dungeon
  2882 | D:5      | Reached skill level 1 in Armour
  3136 | D:5      | Noticed Menkaure
  3142 | D:5      | Killed Menkaure
  3142 | D:5      | Reached XP level 7. HP: 38/38 MP: 10/10
  3822 | D:4      | HP: 1/38 [poisoned by a scorpion]
  3825 | D:4      | Succumbed to a scorpion's poison

Vault maps used:
D:1:      dpeg_arrival_long_road, nrook_loot_triangle, minmay_domino_4
D:3:      first_ration
D:4:      minivault_19, grunt_decor_cap
D:5:      uniq_menkaure

Skill      XL: |  1  2  3  4  5  6  7 |
---------------+----------------------+-----
Dodging        | 3 |  3.9
Stealth        | 2 3 4 |  4.4
Short Blades   | 2 3 4 |  4.4
Evocations     | 4 5 |  5.0
Armour         | 2 3 |  3.3
Fighting       | |  1.1

Action                   |  1- 3 |  4- 6 |  7- 9 || total
-------------------------+-------+-------+-------++-------
Melee: Short sword       |    55 |   123 |    18 ||   196
 Fire: Arbalest          |       |       |    10 ||    10
Evoke: Wand              |     5 |    39 |     1 ||    45
  Use: Potion            |       |     1 |     3 ||     4
       Scroll            |       |     2 |       ||     2
 Stab: Sleeping          |     2 |       |       ||     2
       Distracted        |     1 |       |       ||     1
       Paralysed         |       |     2 |       ||     2
  Eat: Chunk             |     7 |     8 |     1 ||    16
Armor: Leather armour    |    10 |     9 |       ||    19
       Plate armour      |       |    13 |    15 ||    28
Dodge: Dodged            |    50 |    91 |    14 ||   155

Table legend:
 A = Spawn XP
 B = Non-spawn XP
 C = Spawn XP percentage of total XP
 D = Spawn monster count
 E = Non-spawn monster count
 F = Spawn count percentage of total count
 G = Total turns spent on level
                    A         B        C        D         E        F      G
               +---------+---------+-------+---------+---------+-------+---------
         Total |       0 |     734 |   0.0 |       0 |      36 |   0.0 |  3825
               +---------+---------+-------+---------+---------+-------+---------
           D:1 |       0 |       1 |   0.0 |       0 |       1 |   0.0 |    32
           D:2 |       0 |      24 |   0.0 |       0 |       7 |   0.0 |   299
           D:3 |       0 |      17 |   0.0 |       0 |       4 |   0.0 |   670
           D:4 |       0 |     397 |   0.0 |       0 |      18 |   0.0 |  1610
           D:5 |       0 |     295 |   0.0 |       0 |       6 |   0.0 |  1214
               +---------+---------+-------+---------+---------+-------+---------
